[Event "Early-Titled-Tuesday-Blitz-May-14-2024"]
[Site "Chess.com"]
[Date "2024.05.14"]
[Round "6"]
[White "h4parah5"]
[Black "Iball95"]
[Result "1-0"]
[WhiteElo "3045"]
[BlackElo "2923"]
[TimeControl "180+1"]
[EndTime "9:09:27 PDT"]
[Termination "h4parah5 won on time"]

1. Nf3 d5 2. e3 Nf6 3. c4 e6 4.
b3 c5 5. Bb2 Nc6 6. cxd5 exd5 7. Be2 Bd6 8. O-O O-O 9. d4 Bg4 10. dxc5 Bxc5 11. Nc3 a6 12. Rc1 Ba7 13. h3 Bh5 14. Nh4 Bxe2 15. Nxe2 Re8 16. Nf3 Ne4 17. Nf4 Qa5 18. a3 Rad8 19. b4 Qb5 20. Nd4 Bxd4 21. Bxd4 a5 22. Nh5 Nxd4 23. Qxd4 f6 24. f3 Ng5 25.
Rc7 Rd7 26. Rc5 Qa4 27. Rxd5 Rde7 28. Rxa5 Qc2 29. Rc5 Qa2 30. e4 Ne6 31. Qc4 Qxa3 32. Kh2 h6 33. Nf4 Kh7 34. Nxe6 Rxe6 35. Rc7 R6e7 36.
Rxe7 Rxe7 37. Rd1 Qe3 38. Qd4 Qf4+ 39. Kg1 Rc7 40. Qd2 Qe5 41. Qd6 Qc3 42. Qd3 Qe5 43. Qd4 Qf4 44. Qd2 Qe5 45. Re1 Rc3 46. f4 Qc7 47. e5 fxe5 48. fxe5 Rc2 49. Qd3+ Kh8 50. e6 Qb6+ 51. Qe3 Qxe3+ 52. Rxe3 Rc8 53. Rd3 Kg8 54. Rd7 b5 55. Rb7 Rc6 56. Rb8+ Rc8 57. Rxc8+ 1-0

[Event "Early-Titled-Tuesday-Blitz-May-14-2024"]
[Site "Chess.com"]
[Date "2024.05.14"]
[Round "6"]
[White "Mikasinski"]
[Black "mightysmasher"]
[Result "1-0"]
[WhiteElo "2675"]
[BlackElo "2551"]
[TimeControl "180+1"]
[EndTime "9:09:27 PDT"]
[Termination "Mikasinski won by checkmate"]

1. e4 e6 2. d4 d5 3. Nc3 dxe4 4. Nxe4 Nd7 5. Nf3 Ngf6 6. Nxf6+ Nxf6 7. Bd3 c5 8. dxc5 Bxc5 9. O-O O-O 10. b3 b6 11.
Bb2 Bb7 12. Qe2 Qe7 13. Rad1 Rad8 14. h3 h6 15. a4 Nd5 16. Qe4 f5 17. Qe5 Bd6 18.
Qe1 Nf4 19. Be2 Be4 20. Rc1 Bb4 21. c3 Nxe2+ 22. Qxe2 Bd3 23. Qe5 Bd6 24. Qe3 Bc5 25. Qe1 Bxf1 26. Qxf1 e5 27. Qc4+ Kh7 28. b4 e4 29. Re1 Qc7 30. Nd4 Bd6 31. Qxc7 Bxc7 32. Ne6 Rd2 33. Nxf8+ Kg8 34. Ne6 Be5 35. Bc1 Ra2 36. Nd4 g6 37. Bxh6 Rxa4 38. g3 Ra3 39. Bd2 Ra2 40. Rd1 a5 41. bxa5 bxa5 42. Nc6 Bf6 43.
c4 a4 44. Bb4 Rc2 45. Ne7+ Kf7 46. Nd5 Be5 47. Ne3 Rxc4 48. Nxc4 Bb2 49. Nxb2 Ke6 50. Nxa4 f4 51. Nc5+ Kf5 52. Rd5+ Kf6 53. Bc3+ Kf7 54. Nxe4 fxg3 55. fxg3 g5 56. Kf2 Ke6 57. Rxg5 Kf7 58. Kf3 Ke6 59. Kf4 Kf7 60. Kf5 Ke7 61. Be5 Kf7 62.
Nd6+ Ke7 63. Rg7+ Kf8 64. Rf7+ Kg8 65. Bf4 Kh8 66. Kg6 Kg8 67. Nf5 Kh8 68. Be5+ Kg8 69.
Nh6# 1-0

[Event "Early-Titled-Tuesday-Blitz-May-14-2024"]
[Site "Chess.com"]
[Date "2024.05.14"]
[Round "6"]
[White "1stSecond"]
[Black "SirStrateg"]
[Result "1-0"]
[WhiteElo "2894"]
[BlackElo "2682"]
[TimeControl "180+1"]
[EndTime "9:09:28 PDT"]
[Termination "1stSecond won by resignation"]

1. Nf3 d6 2. d4 Bg4 3. c4 Nd7 4. Nc3 e5 5. e3 Ngf6 6. Be2 c6 7. O-O a6 8. b3 e4 9. Nd2 Bxe2 10. Qxe2 d5 11. f3 Bb4 12. Bb2 Qe7 13. fxe4 Bxc3 14. Bxc3 Nxe4 15. Nxe4 Qxe4 16. Bb4 f5 17. Rf4 Qe6 18.
Raf1 g6 19. cxd5 Qxd5 20. g4 Nf6 21. gxf5 gxf5 22. Qf3 Rg8+ 23. Kh1 Qxf3+ 24. R4xf3 Nd5 25. Bd2 Ne7 26. Rh3 Rg7 27. Bb4 Nd5 28. Bd6 Kd7 29. Be5 Rf7 30. e4 Ne7 31. d5 Raf8 32. dxc6+ Nxc6 33. Rd1+ Ke6 34. Bd6 Rd8 35. Rh6+ Rf6 36. exf5+ Kf7 37.
Rxf6+ Kxf6 38. Rd5 Rg8 39. Ba3 Ne5 40. Bb2 Re8 41. Rd7 Kxf5 42. Bxe5 Rxe5 43. Rxh7 Re1+ 44. Kg2 Re2+ 45. Kg3 Rxa2 46. Rxb7 Rb2 47. h3 a5 48. Kh4 a4 49. Rb5+ Kf4 50. bxa4 Ra2 51. Rb4+ Kf5 52. Kh5 Ra3 53. h4 Kf6 54. Rf4+ Kg7 55. Kg5 1-0

[Event "Early-Titled-Tuesday-Blitz-May-14-2024"]
[Site "Chess.com"]
[Date "2024.05.14"]
[Round "6"]
[White "Perecke"]
[Black "only_strong_moves"]
[Result "1-0"]
[WhiteElo "2584"]
[BlackElo "2699"]
[TimeControl "180+1"]
[EndTime "9:09:28 PDT"]
[Termination "Perecke won by checkmate"]

1. e4 e5 2. Nf3 Nc6 3. Bb5 a6 4. Ba4 Nge7 5. O-O Ng6 6. c3 d5 7. exd5 Qxd5 8. d4 Bg4 9. dxe5 Bxf3 10. Qxf3 Qxf3 11. gxf3 b5 12. Bb3 Ncxe5 13. f4 Nd3 14. f5 Nh4 15. Nd2 O-O-O 16. Ne4 Nxf5 17. Bxf7 Kb8 18. a4 Be7 19. axb5 axb5 20. Be6 Nh4 21.
Be3 Nf3+ 22. Kg2 Nfe5 23. Ra5 c6 24. Rfa1 c5 25. Ra8+ Kc7 26. R1a7+ Kb6 27. Ra6+ Kc7 28. R8a7+ Kb8 29. Rxe7 Rhe8 30. Rxe8 Rxe8 31. Nxc5 Ne1+ 32. Kf1 N1f3 33. Bf4 Rd8 34. Ra1 Kc7 35. Ne4 Kc6 36. Ng5 Nxg5 37. Bxg5 Re8 38. Bf5 g6 39. Be4+ Kb6 40.
Be3+ Kc7 41. Ra7+ Kd6 42. Bf4 Kc5 43. Bxe5 Rxe5 44. Bg2 Rh5 45. h3 Kc4 46. Rb7 Kb3 47. Bc6 Rxh3 48. Rxb5+ Kc2 49. Kg2 Rh4 50. Kf3 Rh3+ 51.
Ke2 Rh4 52. Ke3 Rh3+ 53. f3 Rh1 54. Be4+ Kc1 55. b4 Re1+ 56. Kf2 Rd1 57. Rd5 Rh1 58.
b5 Rh2+ 59. Ke3 Rb2 60. c4 Rb3+ 61. Kd4 Kb2 62. Kc5 Ka3 63. b6 Ka4 64. Rd3 Rb1 65.
Bc6+ Ka5 66. Ra3# 1-0

[Event "Early-Titled-Tuesday-Blitz-May-14-2024"]
[Site "Chess.com"]
[Date "2024.05.14"]
[Round "6"]
[White "Nasrin_Babayeva"]
[Black "ilimchess2"]
[Result "0-1"]
[WhiteElo "1930"]
[BlackElo "2296"]
[TimeControl "180+1"]
[EndTime "9:09:28 PDT"]
[Termination "ilimchess2 won by resignation"]

1. c4 c6 2. g3 d5 3. Bg2 Nf6 4. Nf3 Bg4 5. cxd5 cxd5 6. Qb3 Nbd7 7. Qxb7 e6 8. d4 Bd6 9. O-O O-O 10. Qc6 Nb6 11.
Nc3 Rc8 12. Qb5 Nc4 13. b4 Rb8 14. Qa6 Bxb4 15. Na4 Qe7 16. Bg5 h6 17. Bxf6 Qxf6 18. Rfd1 Qe7 19. Rab1 Na3 20. Rb3 Bd6 21. Rdd3 Nc4 22.
h3 Bf5 23. Rdc3 Bb1 24. Nc5 Bxc5 25. dxc5 Qxc5 26. Nd2 Qd4 27. Nxb1 Qd1+ 28. Kh2 Rxb3 29. Rxb3 Ne5 30. Nc3 Qc2 31. Qxa7 Nc4 32. Qd4 Ra8 33. Rb7 Nd6 34. Nxd5 Nxb7 35. Ne7+ Kf8 36. Qd7 Re8 37.
Qxb7 Rxe7 38. Qb8+ Re8 39. Qd6+ Kg8 40. Bc6 Rf8 41.
Bf3 Qxa2 42. Qd3 Qa7 43. Kg2 Qc5 44. Be4 Qe7 45. Qf3 Kh8 46. Bd3 f5 47. Qh5 Qf6 48.
Qf3 e5 49. Qc6 0-1

[Event "Early-Titled-Tuesday-Blitz-May-14-2024"]
[Site "Chess.com"]
[Date "2024.05.14"]
[Round "6"]
[White "Alexander_Donchenko"]
[Black "Artemiki"]
[Result "1/2-1/2"]
[WhiteElo "2855"]
[BlackElo "2611"]
[TimeControl "180+1"]
[EndTime "9:09:29 PDT"]
[Termination "Game drawn - insufficient material"]

1. e4 e5 2. Nf3 Nc6 3. Bb5 a6 4. Ba4 Bc5 5. c3 Nge7 6. O-O Ba7 7. d4 Ng6 8. Bg5 f6 9. Be3 O-O 10. Nbd2 d6 11. h3 Kh8 12. Bb3 Na5 13. Bc2 Nc6 14. b4 f5 15. exf5 Bxf5 16. Bxf5 Rxf5 17. Qc2 Qf8 18.
d5 Nce7 19. Bxa7 Rxa7 20. c4 Nf4 21. Kh2 Ra8 22. g3 Nfg6 23. Kg2 Qf7 24. h4 Rf8 25. Qe4 Nf4+ 26. gxf4 Rxf4 27. Ng5 Qh5 28. Qd3 Qxh4 29. Nh3 Rd4 30. Qc3 Ng6 31. Rh1 Nf4+ 32. Nxf4 Qxf4 33.
Raf1 Rxd2 34. Qg3 Qxg3+ 35. Kxg3 Rd3+ 36. Kg2 Rd4 37. Rc1 Rg4+ 38. Kf1 Rgf4 39. Rc2 Rd4 40. Ke2 h6 41. b5 axb5 42. cxb5 Rxd5 43. a4 c6 44.
bxc6 bxc6 45. Rxc6 Rd4 46. Ra1 Re4+ 47. Kf1 Ref4 48.
Ra2 e4 49. Rc3 d5 50. Ke1 d4 51. Rca3 e3 52. fxe3 Rf1+ 53. Ke2 R1f2+ 54. Kd3 Rxa2 55. Rxa2 dxe3 56. Kxe3 Kh7 57. a5 h5 58. a6 Kh6 59. a7 Ra8 60. Kf4 g6 61. Ra6 Kg7 62. Kg5 Kh7 63. Ra4 Kg7 64. Ra5 Kf7 65. Ra6 Ke7 66.
Rxg6 Kd7 67. Kxh5 Kc7 68. Kg5 Rxa7 69. Kf5 Kb7 70. Ke5 Ra5+ 71. Kd4 Rf5 72. Kc4 Rh5 73. Re6 Kc7 74. Ra6 Kb7 75. Rf6 Kc7 76. Kb4 Kd7 77. Rg6 Ke7 78. Rc6 Kf7 79. Kc4 Ke7 80. Kd4 Kd7 81. Ra6 Kc7 82. Ke4 Kb7 83. Rf6 Kc7 84.
Kf4 Ra5 85. Kg4 Kd7 86. Kf4 Ke7 87. Rh6 Kf7 88. Ke4 Kg7 89. Rc6 Rh5 90. Kd4 Kf7 91. Kc4 Ke7 92. Rb6 Kd7 93. Kb4 Kc7 94. Ra6 Kb7 95. Rf6 Kc7 96. Rg6 Kd7 97. Rf6 Ke7 98. Rb6 Kd7 99. Rb5 Rxb5+ 100. Kxb5 1/2-1/2

[Event "Early-Titled-Tuesday-Blitz-May-14-2024"]
[Site "Chess.com"]
[Date "2024.05.14"]
[Round "6"]
[White "Msb2"]
[Black "Hikaru"]
[Result "0-1"]
[WhiteElo "3064"]
[BlackElo "3216"]
[TimeControl "180+1"]
[EndTime "9:09:30 PDT"]
[Termination "Hikaru won by resignation"]

1. d4 Nf6 2. c4 b6 3. Nc3 Bb7 4.
Qc2 Nc6 5. Nf3 e6 6. e4 Bb4 7. a3 Bxc3+ 8. bxc3 d6 9. Bd3 e5 10. O-O h6 11. Rb1 O-O 12. c5 dxc5 13. d5 c4 14. Be2 Na5 15. Nxe5 Re8 16. f4 c6 17. Rd1 cxd5 18. exd5 Qd6 19. Bf3 Rad8 20. Nc6 Nxc6 21. dxc6 Qc5+ 22. Kh1 Rxd1+ 23. Qxd1 Bxc6 24. Bd2 Bxf3 25. Qxf3 Qxa3 26. h3 Qa2 27. Rd1 Qc2 28. Be1 Qe2 29. Qxe2 Rxe2 30. Kg1 a5 31. Kf1 Rb2 32. Bf2 a4 33. Rd8+ Kh7 34. Ra8 Ne4 35. Bd4 b5 36. Ra7 f6 37. g4 Nd2+ 38. Ke2 Nb3+ 39. Ke3 Nxd4 40. Kxd4 h5 41. g5 fxg5 42. fxg5 Kg6 43. h4 Rb3 44. Ra6+ Kf5 45. Ra7 Kg4 46. Rxg7 Kxh4 47.
g6 Kg5 48. Ke5 Rxc3 49. Rg8 Re3+ 50. Kd4 Re1 51. g7 Kg6 52. Re8 Rd1+ 53. Ke3 Kxg7 54. Ke2 Rd3 55. Re5 Rb3 56. Rxh5 a3 57. Rg5+ Kf6 58.
Rc5 Ke6 59. Rc6+ Kd5 60. Ra6 Kc5 61. Kd2 Kb4 62. Kc2 Rb2+ 63. Kc1 c3 64. Rh6 Kb3 65. Rh3 b4 0-1

[Event "Early-Titled-Tuesday-Blitz-May-14-2024"]
[Site "Chess.com"]
[Date "2024.05.14"]
[Round "6"]
[White "BillCoe"]
[Black "toninhojit"]
[Result "0-1"]
[WhiteElo "2189"]
[BlackElo "2564"]
[TimeControl "180+1"]
[EndTime "9:09:30 PDT"]
[Termination "toninhojit won by resignation"]

1. e4 g6 2. d4 Bg7 3. Nc3 d6 4. h3 Nf6 5. Nf3 O-O 6. Be2 a6 7. a4 b6 8. O-O Bb7 9. Qd3 c5 10.
Rd1 cxd4 11. Nxd4 Nc6 12. Nxc6 Bxc6 13. Nd5 Nxd5 14. exd5 Bd7 15. c3 b5 16. axb5 axb5 17.
Rxa8 Qxa8 18. Qe3 Bf6 19. g4 Qb7 20. Qf4 Be5 21. Qb4 Rb8 22. Bf4 Bxf4 23. Qxf4 b4 24. Qe3 bxc3 25. bxc3 Qb2 26. Bf1 Qc2 27. Rc1 Qb2 28.
c4 Re8 29. Qc3 Qb6 30. c5 dxc5 31. Qxc5 Qf6 32. Qc3 Qf4 33. Qe3 Qd6 34. Bg2 Rc8 35. Rxc8+ Bxc8 36. Qe4 Bd7 37. Qe3 Kg7 38. Qd4+ Qf6 39.
Qxf6+ Kxf6 40. Kf1 Ke5 41. Ke2 g5 42. Kd3 Bb5+ 43. Kc3 Kd6 44. Kd4 Ba6 45. Ke4 Bc8 46. f4 gxf4 47. Kxf4 Bb7 48. Kf5 Bxd5 49. Bf1 h6 50. h4 Be6+ 51. Kf4 Bd7 52. g5 e5+ 53. Kg3 hxg5 54. h5 Ke7 55. Bd3 f5 56. h6 Kf6 57.
Bc4 Kg6 58. h7 Kxh7 0-1

[Event "Early-Titled-Tuesday-Blitz-May-14-2024"]
[Site "Chess.com"]
[Date "2024.05.14"]
[Round "6"]
[White "sergeikim"]
[Black "Quattroporte300"]
[Result "0-1"]
[WhiteElo "2618"]
[BlackElo "2410"]
[TimeControl "180+1"]
[EndTime "9:09:32 PDT"]
[Termination "Quattroporte300 won by resignation"]

1. d4 d5 2. c4 e6 3. Nc3 Bb4 4. Nf3 Ne7 5. e3 O-O 6. Bd3 c5 7. a3 Bxc3+ 8. bxc3 h6 9. O-O b6 10. Ne5 Nd7 11. f4 f6 12. Nxd7 Qxd7 13. cxd5 exd5 14. Qh5 c4 15. Bc2 f5 16. a4 a5 17. Ba3 Rf6 18. Rf3 Kh7 19. Rg3 Nc6 20. Rb1 Rb8 21. Rb5 Qe6 22.
Rg5 Bd7 23. Rg3 Nd8 24. Rb1 Nf7 25. Rh3 Nd6 26. g4 Ne4 27. g5 Rg6 28. Bb2 Nxg5 29.
Rg3 Ne4 30. Rxg6 Qxg6+ 31. Qxg6+ Kxg6 32. Kg2 Kf6 33. Kf3 g5 34. fxg5+ hxg5 35. h3 Rh8 36. Kg2 f4 37. exf4 Bxh3+ 38. Kg1 gxf4 39. Bc1 Kf5 40. Rxb6 Rg8+ 41. Kh1 Bg2+ 42. Kh2 Bf1 43. Bxe4+ dxe4 44. Rb7 Kg4 45. Rh7 Kf3 46. Rh4 e3 47. Kh1 Bg2+ 48. Kh2 Bf1 49. Kh1 Bd3 50. Rh3+ Ke4 51. Rh4 Rg7 52.
Kh2 Rb7 53. Bxe3 Kxe3 54. d5 Rd7 55. Rh5 f3 56. Kg3 Rg7+ 57. Kh4 f2 58. Re5+ Be4 0-1

[Event "Early-Titled-Tuesday-Blitz-May-14-2024"]
[Site "Chess.com"]
[Date "2024.05.14"]
[Round "6"]
[White "JiaHaoxiang"]
[Black "super_emi_26"]
[Result "1-0"]
[WhiteElo "2620"]
[BlackElo "2870"]
[TimeControl "180+1"]
[EndTime "9:09:33 PDT"]
[Termination "JiaHaoxiang won by resignation"]

1. d4 g6 2. e4 Bg7 3. Nc3 a6 4. Be3 d6 5. f3 b5 6. Qd2 Bb7 7.
a4 b4 8. Nce2 a5 9. h4 h6 10.
Ng3 e6 11. Bb5+ Nd7 12. N1e2 Ne7 13. h5 g5 14. f4 c6 15. Bd3 gxf4 16. Bxf4 e5 17.
dxe5 Nxe5 18. Nd4 Qc7 19. Ndf5 Nxf5 20. Nxf5 Bf8 21. O-O-O O-O-O 22. Bxe5 dxe5 23. Qe2 Be7 24. Kb1 Bg5 25. Bc4 f6 26. Rxd8+ Rxd8 27. Rd1 Rxd1+ 28. Qxd1 Qd7 29. Qg1 Qd2 30. Qb6 Kb8 31. Qxa5 Qc1+ 32. Ka2 Qxc2 33. Qxb4 Bd2 34. Qf8+ Ka7 35. Qc5+ Kb8 36.
Qd6+ Ka7 37. Bb3 Qxe4 38. Qc5+ Ka8 39. Qf8+ Ka7 40. Nd6 Bb4 41. Qxf6 Qf4 42. Qe6 Bxd6 43. Qxd6 Qd4 44. Qxh6 e4 45. Qf4 Qd3 46. h6 e3 47.
Bc4 Qc2 48. Qxe3+ Kb8 49. Qe5+ Ka8 50. Qa5+ Kb8 51. Qd8+ Ka7 52. Qd4+ Kb8 53. Bb3 Qg6 54. Qg7 1-0

[Event "Early-Titled-Tuesday-Blitz-May-14-2024"]
[Site "Chess.com"]
[Date "2024.05.14"]
[Round "6"]
[White "RandomNoob04"]
[Black "Herzog2012"]
[Result "0-1"]
[WhiteElo "2722"]
[BlackElo "2558"]
[TimeControl "180+1"]
[EndTime "9:09:33 PDT"]
[Termination "Herzog2012 won by resignation"]

1. e4 c5 2. d4 cxd4 3. c3 Nf6 4. e5 Nd5 5. Nf3 Nc6 6. Bc4 Nb6 7. Bb3 d6 8. exd6 Qxd6 9. O-O Be6 10. Na3 dxc3 11.
Qe2 Bxb3 12. Nb5 Qb8 13. axb3 a6 14. Nxc3 e6 15. Be3 Nd7 16. Rfd1 Be7 17. b4 Nde5 18. b5 axb5 19. Nxe5 Nxe5 20. Bf4 Rxa1 21. Rxa1 f6 22.
Qxb5+ Kf7 23. Bxe5 Qxe5 24. Qxe5 fxe5 25. Kf1 Rd8 26.
Ke2 Rd4 27. f3 Rb4 28. Ra2 Bc5 29. Kd3 Bd4 30. Nd1 Kf6 31. Kc2 e4 32. fxe4 Ke5 33. Kd3 Bg1 34. h3 Rd4+ 35. Kc2 Rxe4 36. Nc3 Rf4 37.
Ra5+ Kf6 38. Kd3 Rd4+ 39. Ke2 Rb4 40. Nd1 Bd4 41. Ra2 Rb3 42. Ra8 Bxb2 43. Rf8+ Ke7 44.
Rc8 Bd4 45. Rc7+ Kf6 46. Rd7 e5 47. Rd6+ Ke7 48. Rd5 b5 49. h4 h5 50. g3 Ke6 51.
Rd8 Rxg3 52. Re8+ Kd5 53. Rb8 Ke4 54. Rxb5 Rg2+ 55. Kf1 Rg1+ 56. Ke2 Rg2+ 57. Kf1 Rh2 58. Rb7 Rh1+ 59. Ke2 Rh2+ 60. Kf1 Kd3 61. Rxg7 Kd2 62.
Rh7 Kxd1 63. Rxh5 Rf2+ 64. Kg1 Rf5+ 0-1

[Event "Early-Titled-Tuesday-Blitz-May-14-2024"]
[Site "Chess.com"]
[Date "2024.05.14"]
[Round "6"]
[White "DenisQ"]
[Black "rasmussvane"]
[Result "0-1"]
[WhiteElo "2724"]
[BlackElo "2959"]
[TimeControl "180+1"]
[EndTime "9:09:36 PDT"]
[Termination "rasmussvane won by resignation"]

1. Nf3 d5 2. c4 e6 3. b3 c5 4. cxd5 exd5 5. d4 Nc6 6. e3 Nf6 7. Bb2 Bg4 8. Be2 Bd6 9. dxc5 Bxc5 10. O-O O-O 11. Nc3 a6 12. Rc1 Ba7 13. Nd4 Bxd4 14. Bxg4 Be5 15. Bf3 Qa5 16. a3 Rad8 17. b4 Qb6 18.
Na4 Qc7 19. Bxe5 Qxe5 20. Nc5 Qc7 21. Nb3 Qb6 22. Qc2 Ne5 23. Be2 Rd7 24. Rfd1 g6 25.
Qc5 Qxc5 26. Rxc5 Rfd8 27. f3 Kf8 28. Kf2 h5 29. h4 Ne8 30. Nd4 Ng7 31. Rdc1 Ne6 32.
Rc8 Ke7 33. Rxd8 Kxd8 34. Nb3 Rc7 35. Rd1 Rd7 36. Rc1 Ke7 37. Nc5 Rc7 38. Nb3 Rxc1 39. Nxc1 Nc4 40. Bxc4 dxc4 41. Ne2 Nc7 42. Nc3 Nb5 43. Nxb5 axb5 44. e4 f5 45. Ke3 Ke6 46.
g3 fxe4 47. Kxe4 Kf6 48. g4 Ke6 49. Kd4 Kd6 50. Ke4 Ke6 51. Kd4 Kd6 52. Ke4 c3 53. Kd3 Ke5 54. Kxc3 Kf4 55. Kd4 hxg4 56. fxg4 Kxg4 57.
Kc5 Kxh4 58. Kxb5 g5 59. Kb6 g4 60. Kxb7 g3 61. a4 g2 0-1

[Event "Early-Titled-Tuesday-Blitz-May-14-2024"]
[Site "Chess.com"]
[Date "2024.05.14"]
[Round "6"]
[White "ivana_999"]
[Black "talaicito"]
[Result "1-0"]
[WhiteElo "1870"]
[BlackElo "2361"]
[TimeControl "180+1"]
[EndTime "9:09:36 PDT"]
[Termination "ivana_999 won on time"]

1. d4 e6 2. c4 f5 3. Nc3 Nf6 4. Bf4 Bb4 5. e3 O-O 6. Nf3 d6 7. a3 Bxc3+ 8. bxc3 b6 9. Nd2 Bb7 10. f3 Nbd7 11. Bg5 Qe8 12. Bd3 Qg6 13. Bxf6 Qxg2 14.
Rf1 Nxf6 15. Qe2 Qxe2+ 16. Kxe2 g6 17. e4 Nh5 18. Ke3 Rf7 19. d5 e5 20. a4 a5 21. c5 dxc5 22. Bc4 f4+ 23. Ke2 Ba6 24. d6 cxd6 25. Bxa6 Rxa6 26. Nc4 Rd7 27. Rad1 Nf6 28. Nxd6 Kf8 29. Nc4 Re7 30. Rd6 Nd7 31. Rfd1 Ke8 32.
Rc6 g5 33. Rc8+ Kf7 34. Nd6+ Kg6 35. Nf5 Rf7 36. Rc7 Nf6 37. Rc6 Ra8 38. Rdd6 b5 39. axb5 a4 40. b6 a3 41. Rd1 a2 42. Ra1 h5 43.
Rc7 Rxc7 44. bxc7 g4 45. Nd6 g3 46. hxg3 fxg3 47. c8=Q Rxc8 48. Nxc8 h4 49. Rxa2 h3 50.
Ra1 Nh5 51. Nd6 Nf4+ 52. Ke3 h2 53. Nf5 g2 54. Nh4+ Kf6 55. Nxg2 1-0

[Event "Early-Titled-Tuesday-Blitz-May-14-2024"]
[Site "Chess.com"]
[Date "2024.05.14"]
[Round "6"]
[White "MyDream003"]
[Black "OparinGrigoriy"]
[Result "0-1"]
[WhiteElo "2848"]
[BlackElo "2986"]
[TimeControl "180+1"]
[EndTime "9:09:37 PDT"]
[Termination "OparinGrigoriy won on time"]

1. e4 c6 2. Nf3 d5 3. Nc3 Bg4 4. h3 Bxf3 5. Qxf3 e6 6. d4 dxe4 7. Qxe4 Nf6 8. Qd3 Nbd7 9. g3 g6 10. Bg2 Bg7 11. Be3 O-O 12. O-O Nd5 13. Nxd5 cxd5 14.
c4 dxc4 15. Qxc4 Nb6 16. Qb3 Qd7 17. d5 Nxd5 18. Rfd1 Rfd8 19. Rd3 Qe7 20. Bxd5 Rxd5 21. Rxd5 exd5 22. Qxd5 Rd8 23. Qb3 a6 24. Rc1 h5 25.
h4 Rd7 26. Qc2 Kh7 27. b3 Bf6 28. Qc4 Kg7 29. Qf4 Qe6 30. Qh6+ Kg8 31. Rc8+ Bd8 32. Rc1 Qe4 33. Qf4 Qxf4 34. Bxf4 f6 35. Kf1 Kf7 36.
Be3 g5 37. hxg5 fxg5 38. Ke2 Kg6 39. f3 Bf6 40. Rc2 h4 41. gxh4 gxh4 42. Kf2 Kf5 43. Kg2 Rg7+ 44. Kh1 Rg3 45. Rc5+ Ke6 46. Rc7 Rxf3 47.
Bb6 Rd3 48. Rxb7 Rd2 49. Rh7 Rxa2 50. Rh6 Kf5 51. Rh7 Bg5 52. Bc7 Kg4 53. Rd7 Be3 54. Rg7+ Kh3 0-1

[Event "Early-Titled-Tuesday-Blitz-May-14-2024"]
[Site "Chess.com"]
[Date "2024.05.14"]
[Round "6"]
[White "Sofia_Blokhin"]
[Black "twitchTriniCupid"]
[Result "1/2-1/2"]
[WhiteElo "2269"]
[BlackElo "2410"]
[TimeControl "180+1"]
[EndTime "9:09:40 PDT"]
[Termination "Game drawn by repetition"]

1. d4 Nf6 2. c4 e6 3. Nc3 Bb4 4. e3 O-O 5. Nf3 b6 6. Bd3 Bb7 7. O-O Re8 8. Qc2 c5 9. a3 Bxc3 10. bxc3 d6 11. e4 Nbd7 12. e5 dxe5 13. dxe5 Ng4 14. Bxh7+ Kh8 15. Ng5 Qe7 16. Be4 Nf8 17. f4 g6 18. Rf3 Nh6 19. Rh3 Kg7 20. Rxh6 Kxh6 21. f5 exf5 22. Nxf7+ Kg7 23. Bxb7 Qxf7 24. Bxa8 Rxa8 25. Bg5 Qxc4 26. Bf6+ Kf7 27. Rd1 Re8 28. Qf2 Qg4 29. Rd2 Re6 30. Qf1 f4 31. Qb5 Qf5 32.
Rd7+ Nxd7 33. Qxd7+ Kf8 34. Qd8+ Re8 35. Qd6+ Kg8 36.
Qd5+ Qe6 37. Qf3 Qf5 38. Qd5+ Qe6 39. Qf3 g5 40. g3 Qf5 41. gxf4 Qxf4 42. Qd5+ Kh7 43.
Qd7+ Kh6 44. Qg7+ Kh5 45. Qf7+ Kg4 46. Qxe8 Qe3+ 47. Kf1 Qf3+ 48. Ke1 Qxc3+ 49. Kf1 Qd3+ 50. Ke1 Qe4+ 51. Kf1 Qf5+ 52. Ke1 Qe4+ 53. Kf1 Qf3+ 54. Kg1 Qe3+ 55. Kf1 Qf3+ 56. Kg1 Qd1+ 57. Kf2 Qd2+ 58. Kf1 Qd3+ 59. Kf2 Qd2+ 60. Kf1 Qd3+ 1/2-1/2

[Event "Early-Titled-Tuesday-Blitz-May-14-2024"]
[Site "Chess.com"]
[Date "2024.05.14"]
[Round "6"]
[White "Hope_6"]
[Black "LeoLV10"]
[Result "1-0"]
[WhiteElo "2640"]
[BlackElo "2513"]
[TimeControl "180+1"]
[EndTime "9:09:47 PDT"]
[Termination "Hope_6 won by resignation"]

1. e4 c6 2. Nc3 d5 3. Qf3 e6 4. d4 Nd7 5. Bd3 dxe4 6. Nxe4 Ngf6 7. Ne2 Nxe4 8. Bxe4 Nf6 9. Bd3 Be7 10. O-O Bd7 11.
b3 b5 12. Bb2 Rb8 13. Rfe1 O-O 14. Ng3 b4 15. a3 a5 16. axb4 axb4 17. Ne4 Nd5 18. Ra7 Bc8 19. Qg3 Rb7 20. Ra8 Rc7 21. Rea1 f5 22. Nc5 Bd6 23. Qf3 Qe7 24. Bc4 Nb6 25.
Rxc8 Nxc8 26. Nxe6 Nb6 27. Nxf8+ Nxc4 28. bxc4 Qxf8 29.
d5 c5 30. g3 h6 31. Ra6 Rf7 32. Kg2 f4 33. g4 Qe7 34. Ra8+ Rf8 35. Rxf8+ Kxf8 36. Qd3 Kg8 37. h3 h5 38. Qf5 hxg4 39. hxg4 Kh8 40.
Qg6 Kg8 41. Kf3 Kf8 42. Qf5+ Kg8 43. Qe6+ Qxe6 44. dxe6 Kf8 45. Ke4 Ke7 46. Kd5 f3 47. Bc1 Bg3 48. Be3 Bd6 49. Bxc5 Bxc5 50. Kxc5 Kxe6 51.
Kxb4 Ke5 52. c5 Kf4 53. c6 Kxg4 54. c7 Kh3 55. c8=Q+ Kg2 56. Qg4+ Kxf2 57. Qxg7 Ke2 58. Qe5+ Kf1 59. Qf4 f2 60. Qxf2+ Kxf2 61. c4 Ke3 62. c5 Kd4 63. Kb5 Kd5 64. c6 Kd6 65. Kb6 Ke7 66. c7 Kd7 67. Kb7 Kd6 68. c8=Q 1-0

[Event "Early-Titled-Tuesday-Blitz-May-14-2024"]
[Site "Chess.com"]
[Date "2024.05.14"]
[Round "6"]
[White "crescentmoon2411"]
[Black "vugarrasulov"]
[Result "1/2-1/2"]
[WhiteElo "2857"]
[BlackElo "2989"]
[TimeControl "180+1"]
[EndTime "9:09:48 PDT"]
[Termination "Game drawn by repetition"]

1. d4 Nf6 2. Nf3 e6 3. Bf4 d5 4. e3 Bd6 5. Nbd2 Nc6 6. Bb5 O-O 7. O-O Bd7 8. Bg3 Ne4 9. Nxe4 dxe4 10. Bxc6 Bxc6 11. Ne5 Bb5 12. c4 Bxe5 13. cxb5 Bxg3 14. hxg3 a6 15. Qb3 axb5 16. Qxb5 Qd5 17. Qb4 Ra6 18. Rfc1 Rb6 19. Qd2 c6 20. Rc5 Qd6 21. b4 Ra8 22. a4 Rba6 23. Qc2 h6 24. a5 f5 25.
Qc4 Kh7 26. Rb1 Re8 27. Re5 Raa8 28. Qc5 Qd7 29. b5 cxb5 30. Qxb5 Qxb5 31. Rbxb5 Ra7 32. d5 g6 33. Rxe6 Rxe6 34. dxe6 Kg7 35. e7 Kf7 36.
Re5 Ra8 37. g4 fxg4 38. Rxe4 h5 39. Rb4 Rxa5 40. Rxb7 Re5 41. Kh2 Rxe7 42. Rb6 Re6 43. Rb5 Kf6 44. Kg3 Rc6 45. Ra5 Rb6 46. Rc5 Ra6 47. e4 Ra4 48. f3 gxf3 49. gxf3 Ra3 50. Rc6+ Kg5 51. Rc5+ Kf6 52. Rc6+ Kg5 53. Rc5+ Kh6 54.
Rc6 Ra1 55. Rb6 Rg1+ 56. Kf2 Rc1 57. f4 Rc2+ 58. Kf3 Rc3+ 59. Kf2 Rc2+ 60. Kf3 Rc3+ 61. Kf2 Rc4 62. Kf3 Rc3+ 1/2-1/2

[Event "Early-Titled-Tuesday-Blitz-May-14-2024"]
[Site "Chess.com"]
[Date "2024.05.14"]
[Round "6"]
[White "Orest_Vovk"]
[Black "Journey_to_GrandMaster_YT"]
[Result "0-1"]
[WhiteElo "2660"]
[BlackElo "2568"]
[TimeControl "180+1"]
[EndTime "9:09:48 PDT"]
[Termination "Journey_to_GrandMaster_YT won on time"]

1. h4 d6 2. h5 h6 3. Nc3 e5 4. d4 Nf6 5. dxe5 dxe5 6. Qxd8+ Kxd8 7. Nf3 Bd6 8. Be3 c6 9. O-O-O Ke7 10. Nd2 Ng4 11. Nc4 Nxe3 12. Nxe3 Be6 13. g4 Bc5 14.
Rh3 Nd7 15. Nf5+ Bxf5 16. gxf5 Bxf2 17. e3 Nf6 18. Kd2 Ng4 19. Ke2 Nxe3 20. Rxe3 Bxe3 21. Kxe3 Rad8 22. Bd3 Rd4 23. Ne4 Rhd8 24. Rg1 Kf8 25.
b3 b6 26. a4 f6 27. Bc4 Rd1 28. Rxd1 Rxd1 29. Bd3 Ke7 30. Ke2 Rh1 31. Ng3 Rh2+ 32. Kf3 Rd2 33. Ne2 Rd1 34. Kf2 Rh1 35. Ng3 Ra1 36. Nf1 Kd6 37. Ke3 Re1+ 38. Kd2 Ra1 39. Ng3 Rg1 40. Ne4+ Ke7 41. Be2 Rh1 42. Ke3 Rh3+ 43.
Bf3 Rh2 44. Nf2 Kd6 45. Ke2 Kc5 46. Kf1 b5 47. Kg1 Rh4 48. axb5 cxb5 49. Ne4+ Kd4 50. Nd6 b4 51. Nb5+ Ke3 52. Bg2 Kd2 53. Nxa7 Kxc2 54.
Nc6 Kxb3 55. Nd8 Rxh5 56. Ne6 Rxf5 57. Nxg7 Rg5 58. Ne6 Rxg2+ 59. Kxg2 Ka2 60. Nc5 b3 61. Ne4 b2 62. Nc3+ Kb3 63. Nb1 Kc2 64. Na3+ Kc1 0-1

[Event "Early-Titled-Tuesday-Blitz-May-14-2024"]
[Site "Chess.com"]
[Date "2024.05.14"]
[Round "6"]
[White "KononenkoD"]
[Black "LionKing2367890"]
[Result "1-0"]
[WhiteElo "2617"]
[BlackElo "2260"]
[TimeControl "180+1"]
[EndTime "9:09:49 PDT"]
[Termination "KononenkoD won by resignation"]

1. e4 e5 2. Nf3 Nc6 3. d4 exd4 4.
Nxd4 Nf6 5. Nc3 Bb4 6. Nxc6 bxc6 7. Bd3 d5 8. O-O Bxc3 9. bxc3 dxe4 10. Bc4 O-O 11.
Bf4 Nd5 12. Bg3 Nxc3 13. Qxd8 Rxd8 14. Bxc7 Rd2 15. Bb3 Ba6 16. Ba5 Ne2+ 17. Kh1 Rd7 18. Rfe1 g6 19. h3 Kg7 20. c4 Nd4 21. Rxe4 Nxb3 22.
axb3 Rd3 23. b4 Bc8 24. Re8 Bb7 25. Re7 Bc8 26. Bc7 Rd7 27. Be5+ Kf8 28. Rxd7 Bxd7 29. Ra6 Ke7 30. Bd4 Kd8 31. Bxa7 Kc8 32. Ra5 Kb7 33.
Bb6 Rxa5 34. bxa5 Be6 35. c5 Bc4 36. Kh2 Kc8 37. Kg3 Kd7 38. Kf4 f6 39. g4 Ke6 40. h4 h6 41. Bd8 h5 42. gxh5 gxh5 43. Ke3 Kf5 44. Kd4 Bf1 45. Kc3 Ke5 46. Kd2 f5 47.
Ke3 Kd5 48. Be7 Ke5 49. Kf3 Bb5 50. Bd6+ Ke6 51. Kf4 Be2 52. Kg5 Kf7 53. f3 Bb5 54. Kxf5 Bd3+ 55. Kg5 Bb5 56. Kxh5 Be2 57. Kg5 Bb5 58. f4 Kg8 59. h5 Kh7 60. Kf6 Bc4 61. Ke7 Bb5 62. Kd7 Kg8 63. Kc7 Kf7 64. Kb7 1-0